 Dungeon Crawl Stone Soup version 0.25.0-11-g1f837a76a1 (console) character file.

Game seed: 16245425120804030773

66 bli the Insei (level 3, -2/29 HPs)
             Began as a Draconian Transmuter on June 27, 2020.
             Slain by a jackal (3 damage)
             ... on level 3 of the Dungeon.
             The game lasted 00:05:52 (1644 turns).

bli the Insei (Draconian Transmuter)                Turns: 1644, Time: 00:05:53

Health: -2/29      AC:  5    Str: 12    XL:     3   Next: 96%
Magic:  4/6        EV: 12    Int: 13    God:
Gold:   124        SH:  0    Dex: 12    Spells: 3/6 levels left

rFire    . . .     SeeInvis .     - Unarmed
rCold    . . .     Gourm    .   (no shield)
rNeg     . . .     Faith    .   (armour unavailable)
rPois    .         Spirit   .   (helmet restricted)
rElec    .         Reflect  .   (no cloak)
rCorr    .         Harm     .   (no gloves)
MR       .....                  (boots currently unavailable)
Stlth    +.........             (no amulet)
HPRegen  0.09/turn              (no ring)
MPRegen  0.10/turn              (no ring)

@: appendage (expiring), lightly drained
A: unfitting armour, talons 3, cold-blooded, AC +5
a: End Transformation


You were on level 3 of the Dungeon.
You were not hungry.
You had grown temporary talons.
You visited 1 branch of the dungeon, and saw 3 of its levels.

You collected 124 gold pieces.

Inventory:

Hand Weapons
 j - a +1 dagger of freezing
 l - a +0 dagger of draining
Missiles
 a - 6 arrows
 b - 63 stones (quivered)
Scrolls
 d - 2 scrolls of identify {unknown}
 e - a scroll of teleportation {unknown}
 f - a scroll of enchant weapon {unknown}
 h - 3 scrolls of enchant armour {unknown}
 k - a scroll of magic mapping {unknown}
Comestibles
 c - 4 rations
 i - 5 chunks of flesh


   Skills:
 * Level 1.8(1.3) Fighting
 + Level 1.9(1.4) Dodging
 + Level 4.3(3.8) Unarmed Combat
 + Level 2.3(1.8) Spellcasting
 - Level 2.0(1.4) Transmutations


You had 3 spell levels left.
You knew the following spells:

 Your Spells              Type           Power        Failure   Level  Hunger
a - Beastly Appendage     Tmut           #.....       14%         1    ##.....
b - Sticks to Snakes      Tmut           #.......     22%         2    ###....

Your spell library contained the following spells:

 Spells                   Type           Power        Failure   Level  Hunger
 Spider Form              Tmut/Pois      #.........   50%         3    ####...
 Ice Form                 Ice/Tmut       #.......     88%         4    #####..
 Blade Hands              Tmut           #.........   98%         5    ######.


Dungeon Overview and Level Annotations

Branches:
Dungeon (3/15)

Altars:

Annotations:
D:2 Sigmund
D:3 Natasha, Robin


Innate Abilities, Weirdness & Mutations

Your plain brown scales are hard. (AC +5)
You cannot fit into any form of body armour.
You are cold-blooded and may be slowed by cold attacks.
You have claws for feet.


Message History

The jackal is heavily wounded.
The jackal closely misses you.
The jackal bites you but does no damage.
A hobgoblin comes into view. It is wielding a +0 club.
The goblin barely misses you. The hobgoblin closely misses you.
The jackal bites you but does no damage.
You barely miss the jackal.
You tail-slap the jackal, but do no damage.
The jackal closely misses you. The goblin hits you.
* * * LOW HITPOINT WARNING * * *
The jackal barely misses you. The hobgoblin closely misses you.
The jackal bites you but does no damage.
You closely miss the jackal. You claw the jackal.
The jackal is severely wounded.
The jackal bites you but does no damage.
The jackal completely misses you. The goblin hits you but does no damage.
The hobgoblin hits you.
* * * LOW HITPOINT WARNING * * *
You closely miss the hobgoblin. Your kick misses the hobgoblin.
Your tail-slap misses the hobgoblin.
The jackal bites you.
You die... ⌠#.. #.. gg #.# #g. #g)## #ggg#

#gh@#
......h##
...###.
#..#!#h
...###.
.......
....###
.###


You could see Robin, Natasha, 2 jackals, 2 hobgoblins and 5 goblins.

Vanquished Creatures
  2 adders (D:2)
  A worm (D:2)
  2 dart slugs
  3 leopard geckos
  2 giant cockroaches (D:2)
  5 goblins
  3 hobgoblins
  5 jackals (D:2)
  2 bats (D:1)
  8 frilled lizards (D:1)
  8 kobolds
  2 rats
43 creatures vanquished.

Vanquished Creatures (collateral kills)
  A frilled lizard (D:2)
1 creature vanquished.

Grand Total: 44 creatures vanquished

Notes
Turn   | Place    | Note
-------+----------+-------------------------------------------
     0 | D:1      | bli the Draconian Transmuter began the quest for the Orb.
     0 | D:1      | Reached XP level 1. HP: 16/16 MP: 3/3
   386 | D:1      | Reached XP level 2. HP: 10/23 MP: 5/5
   397 | D:1      | Learned a level 2 spell: Sticks to Snakes
   891 | D:1      | Reached skill level 4 in Unarmed Combat
  1131 | D:2      | Reached XP level 3. HP: 24/28 MP: 6/6
  1577 | D:2      | Noticed Sigmund
  1601 | D:3      | Noticed a gnoll sergeant
  1637 | D:3      | Noticed Natasha
  1637 | D:3      | Noticed Robin
  1643 | D:3      | HP: 1/29 [hobgoblin[Robin] (5)]
  1644 | D:3      | Slain by a jackal

Illustrated notes

Levels and vault maps discovered:
D:1:      wander_arrival_chamber, layout_basic, minmay_lizard_king
D:2:      lemuel_upstairs_altar, layout_basic, fedhas_ov_isle_minmay,
          minmay_cupped, uniq_sigmund
D:3:      layout_basic, makhleb_blood_cavern_becter, old_standard_altar,
          serial_glass, glass_columns_a, glass_columns_b, glass_columns_b,
          glass_columns_c, due_unseen_surprise, feat_on_display,
          item_on_display_a, kennysheep_potato, uniq_natasha, uniq_robin,
          uniq_grinder

Skill      XL: |  1  2 |
---------------+-------+-----
Unarmed Combat | 4 |  4.3
Fighting       | |  1.8
Dodging        | |  1.9
Spellcasting   | |  2.3
Transmutations | |  2.0

Action                   || total
-------------------------++-------
Melee: Unarmed           ||   135
       Headbutt          ||     8
       Tailslap          ||    11
       Kick              ||    11
Throw: Stone             ||     3
 Cast: Beastly Appendage ||    17
       Sticks to Snakes  ||     6
  Use: Potion            ||     1
  Eat: Chunk             ||     3
Armor: Skin              ||    44
Dodge: Dodged            ||    99
